 Dungeon Crawl Stone Soup version 0.32-a0-918-g0f22ef8d61 (webtiles) character file.

Game seed: 12701690152425166840

331 Ajdolov the Magician (level 6, -6/41 HPs)
             Began as a Mummy Ice Elementalist on Apr 10, 2024.
             Mangled by an ogre
             ... wielding a +0 giant club
              (24 damage)
             ... on level 4 of the Dungeon.
             The game lasted 00:06:21 (3830 turns).

Ajdolov the Magician (Mummy Ice Elementalist)       Turns: 3830, Time: 00:06:22

Health: -6/41      AC:  2    Str: 11    XL:     6   Next: 26%
Magic:  9/15       EV: 11    Int: 23    God:
Gold:   190        SH:  0    Dex: 12    Spells: 7/17 levels left

rFire   . . .        h - +2 dagger (flame)
rCold   + . .        (no shield)
rNeg    + + +        a - +0 robe
rPois   ∞            (no helmet)
rElec   .            (no cloak)
rCorr   .            (no gloves)
SInv    .            (no boots)
Will    .....        (no amulet)
Stlth   ++           b - +6 ring of intelligence
HPRegen 0.26/turn    k - ring of protection from fire
MPRegen 0.14/turn

%: faith
@: no status effects
A: cold resistance 1, negative energy resistance 3, torment resistance 2, heat
vulnerability 1, in touch with death 1, no potions, faith
a: no special abilities


You were on level 4 of the Dungeon.
You visited 1 branch of the dungeon, and saw 4 of its levels.

You collected 190 gold pieces.

Inventory:

Hand Weapons
 h - a +2 dagger of flaming (weapon)
Armour
 a - a +0 robe (worn)
 l - the +2 ring mail "Gushrus" {rC+ Str-3 Int+6 Dex+2}
   (You found it on level 2 of the Dungeon)

   Str-3:     It affects your strength (-3).
   Int+6:     It affects your intelligence (+6).
   Dex+2:     It affects your dexterity (+2).
   rC+:       It protects you from cold.
Jewellery
 b - a +6 ring of intelligence (left hand)
 g - a ring of resist corrosion
 k - a ring of protection from fire (right hand)
Scrolls
 c - a scroll of silence {unknown}
 d - 3 scrolls of identify {unknown}
 e - 4 scrolls of poison {unknown}
 f - a scroll of fog {unknown}
 i - 3 scrolls of teleportation {unknown}
 j - a scroll of vulnerability {unknown}


   Skills:
 - Level 1.5 Dodging
 - Level 1.5 Stealth
 + Level 6.0 Spellcasting
 + Level 5.0 Ice Magic


You had 7 spell levels left.
You knew the following spells:

 Your Spells              Type           Power      Damage    Failure   Level
a - Freeze                Ice            100%       1d10      1%          1
b - Frozen Ramparts       Ice            60%        1d10      3%          3
c - Ozocubu's Armour      Ice            30%        N/A       3%          3
d - Summon Ice Beast      Ice/Summ       18%        N/A       9%          3

Your spell library contained the following spells:

 Spells                   Type           Power      Damage    Failure   Level


Dungeon Overview and Level Annotations

Branches:
Dungeon (4/15)
 Temple: D:4-7

Altars:

Annotations:
D:3 3 runed translucent doors, whodunnit's ghost, amateur OpWr


Innate Abilities, Weirdness & Mutations

You are immune to poison.
Your flesh is cold resistant. (rC+)
You are immune to negative energy. (rN+++)
You are immune to unholy pain and torment.
You are vulnerable to heat. (rF-)
You are in touch with the powers of death.
You do not drink.
You have a special connection with the divine. (Faith)


Message History

Confirm with . or Enter, or press ? or * to list all spells.
Okay, then.
Unknown command.
You start removing your armour.
You continue removing the +2 ring mail "Gushrus" {rC+ Str-3 Int+6 Dex+2}. x4
You finish removing the +2 ring mail "Gushrus" {rC+ Str-3 Int+6 Dex+2}.
You start putting on your armour.
You continue putting on your +0 robe. x5
You finish putting on your +0 robe.
Unknown command.
Done exploring.
Done exploring.
There is a stone staircase leading down here.
You climb downwards.
Level annotation: 3 runed translucent doors, whodunnit's ghost, amateur OpWr
There is a stone staircase leading up here.
Done exploring.
There is a stone staircase leading down here.
You climb downwards.
There is a stone staircase leading up here.
You see here a jackal skeleton.
You see here a bullfrog skeleton.
You enter the shallow water.
Moving in this stuff is going to be slow.
Found a stone staircase leading up.
An ogre and a hound come into view.
The hound barks!
The ogre shouts!
Casting: Summon Ice Beast (dangerous; 9% risk of failure)
Confirm with . or Enter, or press ? or * to list all spells.
A film of ice covers your body!
The ogre hits you with a +0 giant club!!
Ouch! That really hurt!
Okay, then.
Your icy armour cracks and falls away as you move.
You aren't carrying any items that you can evoke.
Casting: Ozocubu's Armour (dangerous; 3% risk of failure)
Confirm with . or Enter, or press ? or * to list all spells.
A chill wind blows around you. Something bites your ice beast.
The ogre hits you with a +0 giant club!!
Ouch! That really hurt!
You die...

≈≈# #≈≈### #### #.≈≈..# ##...##
##..≈≈... ##.....## #~.~~~.~.
#..?....# #~~~~~.~.
#...<...###~..~~.~.#########
.....#.....h.#YO~~.~~.~...#..<..#
.....##.....##.#@..~~............
.....##.....h..#.~.~.~...........
.....#.......##...~≈~~...........
.....#.............~~~~.........<
.............!##...~≈~...........
............#.##.~.~~.......†....
...........##.###~.~≈~...........
.......#.###.>####.≈≈............
##.#...#.###.###...≈≈.....#.....#


You could see an ogre (ally target) and a friendly ice beast (summoned).

Vanquished Creatures
  A bullfrog (D:4)
  A gnoll sergeant (D:4)
  2 bombardier beetles (D:4)
  3 gnolls (D:4)
  2 adders
  2 ufetubi (D:4)
  2 ribbon worms (D:3)
  5 orcs
  5 bats
  9 endoplasms
  A giant cockroach (D:3)
  6 goblins
  6 hobgoblins
  7 jackals
  5 kobolds
  5 quokkas (D:3)
  6 ball pythons
  2 frilled lizards (D:2)
  A rat (D:2)
71 creatures vanquished.

Notes
Turn   | Place    | Note
-------+----------+-------------------------------------------
     0 | D:1      | Ajdolov the Mummy Ice Elementalist began the quest for the
                  | Orb.
     0 | D:1      | Reached XP level 1. HP: 13/13 MP: 4/4
    89 | D:1      | Reached skill level 3 in Spellcasting
   233 | D:1      | Reached XP level 2. HP: 19/19 MP: 3/6
   897 | D:2      | Reached XP level 3. HP: 19/24 MP: 2/8
   911 | D:2      | Learned a level 3 spell: Frozen Ramparts
   915 | D:2      | Learned a level 3 spell: Ozocubu's Armour
  1319 | D:2      | Reached skill level 4 in Spellcasting
  1587 | D:2      | Identified the +2 ring mail "Gushrus" {rC+ Str-3 Int+6
                  | Dex+2}
  2157 | D:3      | Reached XP level 4. HP: 16/30 MP: 7/10
  2472 | D:3      | Found a runed translucent gate.
  2473 | D:3      | Found a runed translucent gate.
  2509 | D:3      | Found a runed translucent gate.
  2510 | D:3      | Noticed a kobold brigand
  2511 | D:3      | Noticed whodunnit's ghost (amateur OpWr)
  2995 | D:4      | Noticed a bullfrog
  3007 | D:4      | Killed a bullfrog
  3008 | D:4      | Reached skill level 5 in Spellcasting
  3008 | D:4      | Reached XP level 5. HP: 8/35 MP: 4/12
  3130 | D:4      | Learned a level 3 spell: Summon Ice Beast
  3480 | D:4      | Reached skill level 6 in Spellcasting
  3480 | D:4      | Reached skill level 5 in Ice Magic
  3480 | D:4      | Reached XP level 6. HP: 13/41 MP: 5/15
  3830 | D:4      | Mangled by an ogre

Illustrated notes

Levels and vault maps discovered:
D:1:      scummos_arrival_forest, layout_basic, hangedman_decor_slide_cut
D:2:      layout_basic, minivault_4
D:3:      layout_loops_ring, gammafunk_ghost_nasty_kobolds
D:4:      layout_rooms, chequers_serial_rivers_small_3,
          chequers_serial_rivers_small_3

Skill      XL: |  1  2  3  4  5 |
---------------+----------------+-----
Spellcasting   | 3 4 5 6 |  6.0
Ice Magic      | 4 5 |  5.0
Dodging        | |  1.5
Stealth        | |  1.5

Action                     |  1- 3 |  4- 6 || total
---------------------------+-------+-------++-------
  Melee: Short sword       |    17 |       ||    17
         Dagger            |    13 |    20 ||    33
   Cast: Freeze            |    65 |    33 ||    98
         Frozen Ramparts   |       |     4 ||     4
         Ozocubu's Armour  |       |     3 ||     3
         Summon Ice Beast  |       |     2 ||     2
   Stab: Sleeping          |     2 |       ||     2
 Armour: Robe              |    45 |    55 ||   100
  Dodge: Dodged            |    48 |    40 ||    88

Table legend: (Time is in decaauts)
 A = Elapsed time spent in this place.
 B = Non-inter-level travel time spent in this place.
 C = Inter-level travel time spent in this place.
 D = Time resting spent in this place.
 E = Time spent auto-exploring this place.
 F = Levels seen in this place.
 G = Mean time per level.
                   A        B        C        D        E       F      G
               +--------+--------+--------+--------+--------+-----+--------+
         Total |   3831 |   3637 |    194 |    206 |   2914 |   4 |  957.8 |
       Dungeon |   3831 |   3637 |    194 |    206 |   2914 |   4 |  957.8 |
               +--------+--------+--------+--------+--------+-----+--------+

Top non-repeatable levels by time:
     D:2: 1161 daAuts
     D:3: 1060 daAuts
     D:1: 871 daAuts
     D:4: 737 daAuts
